 Dungeon Crawl Stone Soup version 0.29-a0-266-gf56f883ddd (webtiles) character file.

Game seed: 1667663276363002669

819 Aksej the Fighter (level 7, -4/63 HPs)
             Began as a Demonspawn Gladiator on Mar 6, 2022.
             Slain by Menkaure (22 damage)
             ... on level 5 of the Dungeon.
             The game lasted 00:07:37 (3437 turns).

Aksej the Fighter (Demonspawn Gladiator)            Turns: 3437, Time: 00:07:38

Health: -4/63      AC:  3    Str: 15    XL:     7   Next: 63%
Magic:  7/7        EV: 15    Int:  9    God:
Gold:   145        SH:  0    Dex: 16    Spells: 6/6 levels left

rFire   . . .      SeeInvis +   a - +1 dagger (elec)
rCold   . . .      Faith    .   (no shield)
rNeg    . . .      Spirit   .   b - +0 leather armour
rPois   +          Reflect  .   (helmet restricted)
rElec   .          Harm     .   (no cloak)
rCorr   .          Rampage  .   (no gloves)
Will    .....                   (no boots)
Stlth   +++.......              (no amulet)
HPRegen 0.20/turn               j - ring of poison resistance
MPRegen 0.10/turn               k - ring of see invisible

@: no status effects
A: antennae 1, demonic guardian 1, ignite blood 2
a: no special abilities


You were on level 5 of the Dungeon.
You visited 1 branch of the dungeon, and saw 5 of its levels.

You collected 145 gold pieces.

Inventory:

Hand Weapons
 a - a +1 dagger of electrocution (weapon)
Missiles
 t - 2 boomerangs (quivered)
Armour
 b - a +0 leather armour (worn)
Jewellery
 i - a ring of positive energy
 j - a ring of poison resistance (left hand)
 k - a ring of see invisible (right hand)
 l - a ring of protection from fire
 q - an amulet of magic regeneration
Wands
 p - a wand of mindburst (15)
Scrolls
 m - 3 scrolls of fog
 o - a scroll of silence
 r - 3 scrolls of teleportation
 s - a scroll of fear {unknown}
Potions
 c - a potion of haste {unknown}
 f - a potion of curing
 g - a potion of invisibility {unknown}
 h - a potion of ambrosia {unknown}
 n - a potion of resistance {unknown}


   Skills:
 * Level 8.6 Fighting
 + Level 6.4 Short Blades
 + Level 1.8 Throwing
 + Level 1.5 Armour
 + Level 8.0 Dodging
 + Level 5.7 Stealth


You had 6 spell levels left.
You didn't know any spells.
Your spell library contained the following spells:

 Spells                   Type           Power      Damage    Failure   Level
 Foxfire                  Conj/Fire      0%         2x1d4     45%         1
 Sandblast                Erth           0%         2d4       45%         1
 Passwall                 Tmut/Erth      0%         N/A       58%         2
 Conjure Flame            Conj/Fire      0%         6-21      83%         3
 Inner Flame              Hex/Fire       0%         N/A       83%         3
 Stone Arrow              Conj/Erth      0%         3d7       83%         3
 Flame Wave               Conj/Fire      0%         2d4       99%         4


Dungeon Overview and Level Annotations

Branches:
Dungeon (5/15)
 Temple: D:4-7

Altars:
Ashenzari
Trog

Annotations:
D:5 Menkaure, Prince Ribbit


Innate Abilities, Weirdness & Mutations

You have a pair of small antennae on your head.
A weak demonic guardian rushes to your aid.
Your demonic aura often causes spilled blood to erupt in flames.


Message History

Aim: Prince Ribbit (lightly wounded, 45% to hit)
You throw a throwing net. The throwing net hits Prince Ribbit.
Prince Ribbit is caught in the net!
Prince Ribbit is lightly wounded.
Prince Ribbit says, "You're just another fly to me."
Prince Ribbit struggles against the net.
Prince Ribbit struggles against the net. x2
Menkaure shouts!
Prince Ribbit struggles against the net.
The net rips apart, and Prince Ribbit comes free!
Menkaure mumbles some strange words.
Menkaure seems to speed up.
Prince Ribbit hits you but does no damage.
You hit Prince Ribbit.
Lightning courses through Prince Ribbit!
Prince Ribbit is moderately wounded.
Prince Ribbit blinks!
Throw: 2 throwing nets
Press: ? - help, Q - select action, (/) - cycle Shift-Dir - straight line, f/p - Prince Ribbit
Aim: Prince Ribbit (moderately wounded, 45% to hit)
You throw a throwing net. The throwing net misses Prince Ribbit.
Menkaure calls on the powers of darkness!
Prince Ribbit convulses!
Your body is wracked with pain!
Prince Ribbit blinks!
Throw: throwing net
Press: ? - help, Q - select action, (/) - cycle Shift-Dir - straight line, f - Menkaure
Aim: Menkaure (fast, 77% to hit)
You throw a throwing net.
The throwing net barely misses Menkaure.
Prince Ribbit blinks!
Throw: javelin
Press: ? - help, Q - select action, (/) - cycle Shift-Dir - straight line, f/p - Menkaure
Aim: Menkaure (fast, 77% to hit)
You throw a javelin. The javelin pierces through Menkaure.
Menkaure is lightly damaged.
Menkaure calls on the powers of darkness!
Your body is wracked with pain!
* * * LOW HITPOINT WARNING * * *
A demonic guardian appears!
Menkaure hits you!!
You die...

..........#...#
##....F.......#
#.......)....###
#...........(...
#.....#.........
##.....#.....##..
#....5.<..#..(...
###.##...........
#.....@M....(..
#.....#.###....
#......##.# ##..
###...##### ..
####


You could see Prince Ribbit, Menkaure (fast, ally target) and a friendly white
imp (summoned).

Vanquished Creatures
  Sigmund (D:3)
  An ogre (D:4)
  2 scorpions (D:4)
  Dowan (D:4)
  A jelly (D:3)
  Ijyb (D:5)
  3 adders
  A white imp (D:4)
  2 dart slugs (D:1)
  2 orcs (D:4)
  6 bats
  8 endoplasms
  3 giant cockroaches
  4 goblins
  4 hobgoblins
  3 jackals (D:1)
  4 kobolds
  4 quokkas
  4 ball pythons
  5 frilled lizards
  A rat (D:1)
61 creatures vanquished.

Vanquished Creatures (collateral kills)
  Duvessa (D:4)
1 creature vanquished.

Vanquished Creatures (others)
  5 fungi (D:2)
  11 plants (D:2)
16 creatures vanquished.

Grand Total: 78 creatures vanquished

Notes
Turn   | Place    | Note
-------+----------+-------------------------------------------
     0 | D:1      | Aksej the Demonspawn Gladiator began the quest for the Orb.
     0 | D:1      | Reached XP level 1. HP: 16/16 MP: 1/1
   181 | D:1      | Gained mutation: Your demonic aura sometimes causes spilled
                  | blood to erupt in flames. [demonic ancestry]
   181 | D:1      | Reached XP level 2. HP: 22/22 MP: 2/2
   932 | D:2      | Gained mutation: Your demonic aura often causes spilled
                  | blood to erupt in flames. [demonic ancestry]
   932 | D:2      | Reached XP level 3. HP: 28/28 MP: 3/3
  1057 | D:2      | Found a faded altar of an unknown god.
  1621 | D:2      | Reached skill level 5 in Short Blades
  1621 | D:2      | Gained mutation: You have a pair of small antennae on your
                  | head. [demonic ancestry]
  1621 | D:2      | Reached XP level 4. HP: 41/41 MP: 4/4
  1623 | D:2      | Reached skill level 5 in Stealth
  1623 | D:2      | Reached XP level 5. HP: 51/51 MP: 5/5
  1653 | D:3      | Noticed Sigmund
  1662 | D:3      | Killed Sigmund
  1663 | D:3      | Reached skill level 1 in Armour
  1663 | D:3      | Gained mutation: A weak demonic guardian rushes to your
                  | aid. [demonic ancestry]
  1663 | D:3      | Reached XP level 6. HP: 57/57 MP: 6/6
  1747 | D:3      | Found a broken altar of Ashenzari.
  1808 | D:3      | Found a bloodstained altar of Trog.
  2547 | D:4      | Reached XP level 7. HP: 58/63 MP: 7/7
  2616 | D:4      | Noticed Dowan
  2617 | D:4      | Noticed Duvessa
  2622 | D:4      | Killed Dowan
  2629 | D:4      | Killed Duvessa
  3416 | D:5      | Entered Level 5 of the Dungeon
  3416 | D:5      | Noticed Ijyb
  3417 | D:5      | Noticed Prince Ribbit
  3420 | D:5      | Killed Ijyb
  3425 | D:5      | Noticed Menkaure
  3437 | D:5      | Slain by Menkaure

Illustrated notes

Levels and vault maps discovered:
D:1:      scummos_arrival_hexagon, layout_rooms
D:2:      layout_basic, shapermc_ecumenical_altar_mp_urbaneastern
D:3:      layout_rooms, mainiacjoe_overflow_large_starburst, uniq_sigmund
D:4:      layout_loops_corners, grunt_ministairs_12, uniq_duvessa
D:5:      layout_cave_pools, minmay_temple_entry_mini_moons, uniq_menkaure,
          uniq_grinder, uniq_ijyb, uniq_prince_ribbit1

Skill      XL: |  1  2  3  4  5 |
---------------+----------------+-----
Dodging        | 3 6 8 |  8.0
Short Blades   | 3 5 6 |  6.4
Fighting       | 6 8 |  8.6
Stealth        | 3 5 |  5.7
Armour         | 1 |  1.5
Throwing       | |  1.8

Action                   |  1- 3 |  4- 6 |  7- 9 || total
-------------------------+-------+-------+-------++-------
Melee: Rapier            |   115 |    33 |       ||   148
       Dagger            |       |    14 |    34 ||    48
       Punch             |       |     1 |     1 ||     2
Throw: Throwing net      |       |       |     3 ||     3
       Javelin           |       |       |     1 ||     1
  Use: Scroll            |     7 |     2 |       ||     9
       Potion            |     1 |     1 |     2 ||     4
 Stab: Sleeping          |     3 |     6 |     3 ||    12
Armor: Leather armour    |    40 |     8 |     2 ||    50
Dodge: Dodged            |    66 |    31 |    13 ||   110

Table legend: (Time is in decaauts)
 A = Elapsed time spent in this place.
 B = Non-inter-level travel time spent in this place.
 C = Inter-level travel time spent in this place.
 D = Time resting spent in this place.
 E = Time spent auto-exploring this place.
 F = Levels seen in this place.
 G = Mean time per level.
                   A        B        C        D        E       F      G
               +--------+--------+--------+--------+--------+-----+--------+
         Total |   3419 |   3335 |     84 |     10 |   2779 |   5 |  683.8 |
       Dungeon |   3419 |   3335 |     84 |     10 |   2779 |   5 |  683.8 |
               +--------+--------+--------+--------+--------+-----+--------+

Top non-repeatable levels by time:
     D:4: 1252 daAuts
     D:1: 873 daAuts
     D:2: 784 daAuts
     D:3: 490 daAuts
     D:5: 18 daAuts
